 Dungeon Crawl Stone Soup version 0.26.0-10-g1f06aea511 (webtiles) character file.

Game seed: 8042687907610552703

107 Hugehornet the Changer (level 4, -4/28 HPs)
             Began as an Octopode Transmuter on Jan 27, 2021.
             Killed by nerve-wracking pain
             ... invoked by an orc priest
              (14 damage)
             ... on level 4 of the Dungeon.
             The game lasted 00:08:53 (3418 turns).

Hugehornet the Changer (Octopode Transmuter)        Turns: 3418, Time: 00:08:53

Health: -4/28      AC:  5    Str:  9    XL:     4   Next: 85%
Magic:  7/7        EV: 13    Int: 16    God:
Gold:   146        SH:  0    Dex: 12    Spells: 1/7 levels left

rFire    . . .     SeeInvis .     - Unarmed
rCold    . . .     Faith    .   (no shield)
rNeg     . . .     Spirit   .   (helmet restricted)
rPois    .         Reflect  .   (no amulet)
rElec    .         Harm     .   d - +4 ring of protection
rCorr    .         Rampage  .   (no ring)
Will     .....                  (no ring)
Stlth    +++.......             (no ring)
HPRegen  0.09/turn              (no ring)
MPRegen  0.10/turn              (no ring)
                                (no ring)
                                (no ring)

@: no status effects
A: almost no armour, stealthy swim, amphibious, 8 rings, constrict 8, camouflage
1, gelatinous body 1
a: no special abilities


You were on level 4 of the Dungeon.
You visited 1 branch of the dungeon, and saw 4 of its levels.

You collected 146 gold pieces.

Inventory:

Jewellery
 d - a +4 ring of protection (left tentacle)
 j - a +6 ring of dexterity {unknown}
Wands
 l - a wand of polymorph (5)
Scrolls
 a - 8 scrolls of identify {unknown}
 c - 2 scrolls of immolation {unknown}
 f - 5 scrolls of remove curse {unknown}
 k - 2 scrolls of magic mapping {unknown}
Potions
 b - 2 potions of haste {unknown}
 e - a potion of mutation {unknown}
 g - 2 potions of flight {unknown}
 h - 3 potions of invisibility {unknown}
 i - a potion of cancellation {unknown}
 m - a potion of resistance {unknown}


   Skills:
 - Level 1.0 Fighting
 - Level 2.0 Dodging
 - Level 3.0 Unarmed Combat
 - Level 2.4 Spellcasting
 * Level 4.1 Transmutations
 + Level 2.0 Poison Magic


You had one spell level left.
You knew the following spells:

 Your Spells              Type           Power        Failure   Level
a - Beastly Appendage     Tmut           30%          3%          1
b - Wereblood             Tmut           15%          5%          2
c - Spider Form           Tmut/Pois      5%           17%         3

Your spell library contained the following spells:

 Spells                   Type           Power        Failure   Level
 Summon Small Mammal      Summ           4%           21%         1
 Call Imp                 Summ           1%           30%         2
 Call Canine Familiar     Summ           1%           52%         3
 Summon Guardian Golem    Hex/Summ       1%           52%         3
 Ice Form                 Ice/Tmut       8%           63%         4
 Blade Hands              Tmut           7%           69%         5
 Summon Ice Beast         Ice/Summ       1%           89%         4
 Summon Lightning Spire   Summ/Air       1%           89%         4


Dungeon Overview and Level Annotations

Branches:
Dungeon (4/15)
 Temple: D:4-7

Altars:
Gozag
Kikubaaqudgha
Nemelex Xobeh
Uskayaw
Yredelemnul

Shops:
D:4 }


Innate Abilities, Weirdness & Mutations

You cannot wear most types of armour.
You are very stealthy in the water. (Stealth+)
You are amphibious.
You can wear up to eight rings at the same time.
You can use your tentacles to constrict eight enemies at once.
Your skin changes colour to match your surroundings (Stealth+).
Your rubbery body absorbs attacks. (AC +1, EV +1)


Message History

The scorpion is heavily wounded.
You constrict the scorpion. The scorpion barely misses you.
An orc priest comes into view. It is wielding a +0 club.
You tentacle-slap the scorpion but do no damage.
The scorpion is severely wounded.
You constrict the scorpion. The scorpion closely misses you.
You tentacle-slap the scorpion but do no damage.
The scorpion is severely wounded.
You constrict the scorpion. The scorpion completely misses you.
You tentacle-slap the scorpion but do no damage.
You squeeze the scorpion, but do no damage.
The scorpion is almost dead.
You constrict the scorpion, but do no damage.
The orc throws a stone.
The stone closely misses you.
You hear a splash.
The scorpion splashes around in the water.
The orc priest invokes the aid of Beogh against you.
Pain shoots through your body!
Ouch! That really hurt!
You die...

#.≈≈≈....# #. #.≈≈≈....# #.
#.≈≈≈....# #. #.≈≈≈....# #.
#+###≈≈P...# #.
############...#≈≈....# ##
.o.........#.g.#≈≈....#
≈≈≈≈≈≈≈≈≈≈h#####≈≈....#
≈≈≈(≈((≈≈≈≈≈≈≈≈≈@(....###########
≈≈≈≈≈≈≈≈≈≈o≈≈≈≈s≈≈....#........>.
)..........o.o........#.######.#.
o.......................##.......
####........###########..#.###.##
#'######)############.#.#....#
.... #...†............#.#..#
##...# #############.#..#.#..#
#.... #.#..#.#..#


You could see a scorpion, an orc priest, 2 orcs and a jackal.

Vanquished Creatures
  A worker ant (D:4)
  A gnoll (D:4)
  An adder (D:2)
  3 worms (D:2)
  A dart slug (D:1)
  3 leopard geckos
  5 giant cockroaches
  10 goblins
  2 hobgoblins
  A jackal (D:4)
  A ball python (D:3)
  6 bats
  2 frilled lizards
  8 kobolds
  8 rats
53 creatures vanquished.

Vanquished Creatures (others)
  A plant (D:4)
1 creature vanquished.

Grand Total: 54 creatures vanquished

Notes
Turn   | Place    | Note
-------+----------+-------------------------------------------
     0 | D:1      | Hugehornet the Octopode Transmuter began the quest for the
                  | Orb.
     0 | D:1      | Reached XP level 1. HP: 13/13 MP: 3/3
   188 | D:1      | Reached XP level 2. HP: 18/18 MP: 3/5
   208 | D:1      | Learned a level 2 spell: Wereblood
   943 | D:1      | Reached skill level 3 in Transmutations
   945 | D:1      | Reached XP level 3. HP: 20/23 MP: 4/6
   949 | D:1      | Learned a level 3 spell: Spider Form
  1231 | D:2      | Found a sparkling altar of Nemelex Xobeh.
  1691 | D:2      | Reached skill level 1 in Poison Magic
  1700 | D:2      | Reached XP level 4. HP: 24/28 MP: 5/7
  2222 | D:3      | Found an opulent altar of Gozag.
  2781 | D:3      | Found a faded altar of an unknown god.
  2781 | D:3      | Found a basalt altar of Yredelemnul.
  2786 | D:3      | Found a hide-covered altar of Uskayaw.
  2788 | D:3      | Found a faded altar of an unknown god.
  2790 | D:3      | Found an ancient bone altar of Kikubaaqudgha.
  2958 | D:4      | Reached skill level 4 in Transmutations
  3211 | D:4      | Found Ypnulaip's Gadget Emporium.
  3418 | D:4      | Killed from afar by an orc priest

Illustrated notes

Levels and vault maps discovered:
D:1:      giann_bridges, layout_basic, minivault_19
D:2:      layout_loops_corners, lemuel_crystal_altar
D:3:      layout_loops_cross, overflow_temple_1_default,
          chequers_temple_overflow_minitemple, kennysheep_generic_room_3
D:4:      lemuel_castle_with_subvaults [lemuel_castle_interior_carwin_1],
          layout_basic, ashenzari_conservatory_becter, serial_shops,
          nicolae_shop_crystal

Skill      XL: |  1  2  3  4 |
---------------+-------------+-----
Transmutations | 3 4 |  4.1
Poison Magic   | 1 2 |  2.0
Fighting       | |  1.0
Dodging        | |  2.0
Unarmed Combat | |  3.0
Spellcasting   | |  2.4

Action                   |  1- 3 |  4- 6 || total
-------------------------+-------+-------++-------
Melee: Unarmed           |    81 |    54 ||   135
       Kick              |    15 |    10 ||    25
       Constrict         |    20 |    11 ||    31
       Tentacles         |    11 |     7 ||    18
       Punch             |     1 |     1 ||     2
 Cast: Beastly Appendage |    28 |    18 ||    46
       Wereblood         |       |     2 ||     2
 Stab: Sleeping          |     9 |     4 ||    13
Armor: Skin              |    12 |    16 ||    28
Dodge: Dodged            |    45 |    48 ||    93
